Arrhythmia, chaotic female vampiric Convict -- ----------------------------------------------------------------------- |. |...|._.|...|...|...|...|...|...|...|...|...|...|...|.................| |. |.. |.. |.. |...|.. |.. |.. |.. |.. |.. |.. |.. |.. |...........aoo...| |.----.---.---.---.---.---.---.---.---.---.---.---.---.---...........r@o...| |..............).....................................................aao...| |........%.%_.%............................................................| |..............+........................................^....._............| |....---.---.---.---.---.---.---.---.---.---.---.---.---.------------------| |....| ..| ..| ..| ..| ..| ..| ..| ..| ..| ..| ..| ..| ..|.................| |....|...|...|...|...|...|...|...|...|...|?..|...|...|...|...............+.| |....|---------------------------------------------------|.................| |....|...|...|...|...|...|...|...|...|...|...|...|...|...|......>..........| |....|.. |.. |.. |.. |.. |.. |.. |.. |.. |.. |.. |.. |.. |.................| |....|.---.---.---.---.---.---.---.---.---.---.---.---.--------------..----| |..................%...)...................................................| |..............................................................%.......)...| ----.---.---.---.---.---.---.---.---.---.---.---.---.---.|.............^...| ..| ..| ..| ..| ..| ..| ..| ..| ..| ..| ..| ..| ..| ..|_................| ...|...|...|...|...|...|...|...|...|...|...|...|...|...|................#| --------------------------------------------------------------------------- Arrhythmia the Prisoner Experience level: 11 Strength: 16 Dexterity: 15 Constitution: 17 Intelligence: 13 Wisdom: 8 Charisma: 6 Health: 0(98) Energy: 56(56) AC: -6 Gold: 6268 Moves: 10793 Your Inventory: Coins $ - 6268 gold pieces Armor b - an uncursed +0 striped shirt (being worn) q - an uncursed +3 small shield (being worn) C - an uncursed +0 dwarvish mithril-coat (being worn) I - an uncursed +0 orcish cloak of brilliance and displacement (being worn) K - an uncursed +0 pair of leather gloves (being worn) L - an uncursed +0 pair of elven boots (being worn) S - an uncursed +0 leather hat [elven leather helm] (being worn) Tools f - an uncursed bag [sack] B - an uncursed credit card D - an uncursed expensive camera [0:63] J - an uncursed towel M - an uncursed +0 unicorn horn W - an uncursed looking glass [mirror] Gems v - an uncursed red gem [worthless glass] Q - an uncursed stone called Luckstone [luckstone] Iron balls c - an uncursed heavy iron ball (weapon in hand) Contents of the sack: an uncursed scroll called teleport [of teleportation] Spells known in the end: Name Level Category Fail Memory Your skills at the end: Fighting Skills body armor [Basic / Skilled] shield [Basic / Basic] Weapon Skills flail [Skilled / Expert] sling [Basic / Skilled] Spellcasting Skills Final Attributes: You were piously aligned. Hunger level was 16. Your alignment was 63 / 63. Monster difficulty range was 2 - 11. Level difficulty was 12. You were immune to poison. You were immune to level-drain. You were immune to sickness. You were displaced. You were stealthy. You could fly. You could survive without air. You regenerated. You were lucky (3). You had extra luck. Bad luck did not time out for you. Good luck did not time out for you. You are dead. Vanquished creatures: 4 prison guards a black pudding 3 ghosts a queen bee a giant mimic 2 long worms a warg a xan a pyrolisk 3 large dogs a shocking sphere a leocrotta 2 energy vortices 4 stone giants an elf mummy an ettin zombie a leather golem a chameleon 8 giant beetles a quivering blob 2 cockatrices 4 winter wolf cubs 5 leprechauns an orc-captain an iron piercer 2 mumakil 6 giant spiders 2 horses an ice vortex 5 black lights an orc mummy a brown pudding 2 owlbears 2 yetis a gold golem 4 Green-elves 3 lizards a jaguar a dwarf lord 2 white unicorns a raven a plains centaur a Woodland-elf 4 soldier ants 2 wood nymphs a water nymph a Mordor orc 5 Uruk-hai 4 rock piercers an enormous rat 3 rock moles 2 fog clouds 4 yellow lights a shrieker a violet fungus 6 gnome lords a gnomish wizard a guardian naga hatchling a gray ooze 3 elf zombies 4 straw golems 2 wax golems 2 giant ants 3 little dogs 3 floating eyes 3 kittens 3 dwarves a kobold lord 2 hill orcs 3 rothes 4 rabid rats a centipede 2 giant bats a monkey 4 orc zombies a werejackal 5 iguanas 27 killer bees an acid blob a coyote a gas spore a hobbit 2 hobgoblins 8 giant rats 6 cave spiders 4 yellow molds 2 red molds 13 gnomes a gnome zombie 7 geckos 7 jackals 3 foxes 3 kobolds 2 sewer rats 6 grid bugs 4 lichens a kobold zombie 6 newts 280 creatures vanquished. Voluntary challenges: You went without food. You never hit with a wielded weapon. You read items or engraved 27 times. You put on armor 30 times. You never genocided any monsters. You never polymorphed an object. You never changed form. You used no wishes. You abstained from Elbereth's help. You encountered 2 bones levels. You never used any Sokoban shortcuts. Dungeon overview: The Dungeons of Doom: levels 1 to 12 Level 1 a long staircase Level 3 a sink stairs to The Gnomish Mines Level 5 some fountains Level 6 stairs to Sokoban Level 7 a fountain Level 8 a fountain stairs to Town Level 11 a sink Level 12 portal to The Quest The Gnomish Mines: Level 4 stairs to The Dungeons of Doom The Quest: Level 1 <- You were here an altar to Tymora, a magic chest, a sink portal to The Dungeons of Doom Sokoban: Level 5 a magic chest stairs to The Dungeons of Doom Town: Level 7 stairs to The Dungeons of Doom History has recorded: On T:1 you entered the Dungeons of Doom to retrieve the Amulet of Yendor! On T:314 you reached level 2 of The Dungeons of Doom. On T:803 you reached level 3 of The Dungeons of Doom. On T:807 you advanced to experience level 2. On T:829 you advanced to experience level 3. On T:1012 you advanced to experience level 4. On T:1204 you reached level 4 of The Dungeons of Doom. On T:1312 you advanced to experience level 5. On T:1499 you advanced to experience level 6. On T:1533 you reached level 5 of The Dungeons of Doom. On T:1665 you advanced to experience level 7. On T:2026 you reached level 6 of The Dungeons of Doom. On T:2801 you reached level 1 of The Gnomish Mines. On T:2981 you advanced to experience level 8. On T:3915 you reached level 7 of The Dungeons of Doom. On T:4505 you reached level 3 of Sokoban. On T:5553 you advanced to experience level 9. On T:6549 you reached level 8 of The Dungeons of Doom. On T:6705 you reached level 3 of Town. On T:7131 you reached level 9 of The Dungeons of Doom. On T:7425 you reached level 10 of The Dungeons of Doom. On T:8195 you advanced to experience level 10. On T:8434 you reached level 11 of The Dungeons of Doom. On T:9591 you reached level 12 of The Dungeons of Doom. On T:9964 you reached level 1 of The Quest. On T:10493 you advanced to experience level 11. Latest messages: The Mordor orc misses. [HP-4=32] You kill the Mordor orc! [HP+2=34] You hit the soldier ant! You bite the soldier ant. The giant beetle misses. (2x) The soldier ant bites! The soldier ant stings! The giant beetle bites! The soldier ant just misses! The soldier ant misses. [HP-7=27] You kill the soldier ant! The Mordor orc thrusts her knife. The Mordor orc misses. (2x) The Mordor orc swings her curved sword. The Mordor orc hits! [HP-6=21] You hit the giant beetle! You bite the giant beetle. The giant beetle bites! (2x) You die... Final status: Goodbye Arrhythmia the Convict... You died in The Quest on dungeon level 1 with 32948 points, and 6268 pieces of gold, after 10793 moves. You were level 11 with a maximum of 98 hit points when you died.